 Dungeon Crawl Stone Soup version 0.29-a0-575-g0dc89cf053 (webtiles) character file.

Game seed: 13834697080732736724

7 blackman the Sneak (level 2, -2/24 HPs)
             Began as a Human Delver on June 13, 2022.
             Succumbed to a scorpion's poison
             ... on level 4 of the Dungeon.
             The game lasted 00:03:28 (557 turns).

blackman the Sneak (Human Delver)                    Turns: 557, Time: 00:03:29

Health: -2/24      AC:  6    Str: 12    XL:     2   Next: 5%
Magic:  2/2        EV:  9    Int: 10    God:
Gold:   21         SH:  0    Dex: 14    Spells: 1/1 levels left

rFire   . . .      SeeInvis .   a - +0 falchion
rCold   . . .      Faith    .   (no shield)
rNeg    . . .      Spirit   .   d - +0 scale mail
rPois   .          Reflect  .   (no helmet)
rElec   .          Harm     .   (no cloak)
rCorr   .          Rampage  .   (no gloves)
Will    .....                   (no boots)
Stlth   ++........              (no amulet)
HPRegen 0.08/turn               (no ring)
MPRegen 0.08/turn               (no ring)

@: lethally poisoned (-2 -> -17)
A: no striking features
a: no special abilities


You were on level 4 of the Dungeon.
You visited 1 branch of the dungeon, and saw 2 of its levels.

You collected 21 gold pieces.

Inventory:

Hand Weapons
 a - a +0 falchion (weapon)
Armour
 b - a +0 leather armour
 d - a +0 scale mail (worn)
Wands
 g - a wand of digging (3)
Scrolls
 c - 2 scrolls of fog
Potions
 e - a potion of resistance {unknown}


   Skills:
 - Level 3.0 Fighting
 * Level 2.6 Long Blades
 - Level 2.0 Dodging
 - Level 5.0 Stealth


You had one spell level left.
You didn't know any spells.
Your spell library contained the following spells:

 Spells                   Type           Power      Damage    Failure   Level
 Blink                    Tloc           0%         N/A       97%         2
 Lesser Beckoning         Tloc           0%         N/A       99%         3
 Manifold Assault         Tloc           0%         N/A       100%        5


Dungeon Overview and Level Annotations

Branches:
Dungeon (5/15)             Temple (0/1) D:5

Altars:
Okawaru

Annotations:
D:5 Menkaure


Message History

A goblin is nearby!
An adder comes into view.
A scorpion comes into view.
There is a stone staircase leading down here.
Press: ? - help, v - describe, . - travel The floor.
Unknown command.
Unknown command.
Press: ? - help, v - describe, . - travel The floor.
You closely miss the goblin. The goblin barely misses you.
You closely miss the goblin. The goblin hits you with a +0 club.
You barely miss the goblin.
The goblin hits you but does no damage. x2
You closely miss the goblin. The goblin hits you but does no damage.
You barely miss the goblin. The goblin closely misses you.
You slash the goblin!
You kill the goblin!
You have reached level 2!
You hit the scorpion but do no damage. The scorpion stings you.
You are poisoned.
The scorpion poisons you! The scorpion closely misses you.
You hit the scorpion.
The scorpion is lightly wounded.
You feel very sick.
The scorpion stings you but does no damage.
You hit the scorpion but do no damage.
The scorpion is lightly wounded.
You feel sick. The scorpion stings you.
You barely miss the scorpion.
The scorpion is lightly wounded.
* * * LOW HITPOINT WARNING * * *
You feel sick.
The scorpion stings you but does no damage.
The scorpion stings you.
* * * LOW HITPOINT WARNING * * *
You are more poisoned.
The scorpion poisons you!
You barely miss the scorpion.
The scorpion is lightly wounded.
You die...

.#.+.....# #.#####.#.###.#
.#.#.....# #.# #.#.#
.#.#.....# #.# #...###.#
.#.'.....# #.# ##.s....#
####.....# #.# #.g#####
#.....# #.# ##>#
####.....# ..# #.#
.......#.# #############.#
########.# #....@s.......#
#.....<#.###.#############
#.####...#...# #..#
#.#.#.### ##.# #.###.#
...# #...#.# #### ###.#.#
####.#.# #....#.#


You could see a scorpion.

Vanquished Creatures
  A goblin (D:4)
  A hobgoblin (D:4)
  3 jackals (D:4)
5 creatures vanquished.

Notes
Turn   | Place    | Note
-------+----------+-------------------------------------------
     0 | D:5      | blackman the Human Delver began the quest for the Orb.
     0 | D:5      | Reached XP level 1. HP: 18/18 MP: 1/1
     2 | D:5      | Found an iron altar of Okawaru.
     2 | D:5      | Noticed a phantom
     2 | D:5      | Noticed a scorpion
     8 | D:5      | Noticed Menkaure
    17 | D:5      | Noticed an ogre
   527 | D:4      | Noticed a scorpion
   553 | D:4      | Reached XP level 2. HP: 21/24 MP: 2/2
   556 | D:4      | HP: 1/24 [scorpion (6)]
   557 | D:4      | Succumbed to a scorpion's poison

Illustrated notes

Levels and vault maps discovered:
D:4:      layout_basic, makhleb_altar_promises_db
D:5:      layout_cave_pools, minmay_temple_entry_offerings,
          minmay_ruined_shrine, uniq_menkaure, uniq_sigmund, uniq_grinder

Action                   || total
-------------------------++-------
Melee: Falchion          ||    25
  Use: Scroll            ||     2
       Potion            ||     1
Armor: Leather armour    ||     6
       Scale mail        ||     5
Dodge: Dodged            ||    13

Table legend: (Time is in decaauts)
 A = Elapsed time spent in this place.
 B = Non-inter-level travel time spent in this place.
 C = Inter-level travel time spent in this place.
 D = Time resting spent in this place.
 E = Time spent auto-exploring this place.
 F = Levels seen in this place.
 G = Mean time per level.
                   A        B        C        D        E       F      G
               +--------+--------+--------+--------+--------+-----+--------+
         Total |    541 |    513 |     28 |    171 |    211 |   2 |  270.5 |
       Dungeon |    541 |    513 |     28 |    171 |    211 |   2 |  270.5 |
               +--------+--------+--------+--------+--------+-----+--------+

Top non-repeatable levels by time:
     D:4: 517 daAuts
     D:5: 23 daAuts
